Map: Cactus Valley LE (Void)

Players

MaNa - Winner!

  • Race: Protoss Protoss
  • Spawn Location: 5:00

Indy

  • Race: Protoss Protoss
  • Spawn Location: 1:00

Event: IEM XI Katowice - World Championship 2017

VOD

Have the link to the VOD?

Description

Time

  • Played on: Feb. 28, 2017, 8:30 a.m.
  • Length: 8:06

All games in this series

Show
View Real Time Build Order
Export as new Build Order

MaNa Protoss - Winner!

Build Orders:  

Get SALT Encoding   

  12  0:00  Probe (Chrono Boost)  
  13  0:11  Probe (Chrono Boost)  
  14  0:17  Pylon  
  14  0:22  Probe (Chrono Boost)  
  15  0:35  Probe (Chrono Boost)  
  16  0:36  Gateway  
  16  0:45  Probe (Chrono Boost)  
  16  0:47  Assimilator  
  17  0:56  Probe (Chrono Boost)  
  18  0:57  Assimilator  
  18  1:03  Gateway  
  18  1:07  Probe (Chrono Boost)  
  19  1:17  Probe (Chrono Boost)  
  20  1:23  Cybernetics Core  
  20  1:28  Probe (Chrono Boost)  
  20  1:32  Pylon  
  21  1:39  Probe (Chrono Boost)  
  22  1:49  Probe (Chrono Boost)  
  23  1:58  Warp Gate  
  23  2:00  Mothership Core (Chrono Boost)  
  25  2:02  Stalker x2  
  29  2:11  Pylon  
  29  2:20  Probe (Chrono Boost)  
  30  2:33  Probe (Chrono Boost)  
  30  2:34  Stalker  
  30  2:35  Stalker  
  36  2:45  Probe (Chrono Boost)  
  36  3:04  Nexus  
  36  3:12  Pylon  
  36  3:15  Probe (Chrono Boost)  
  36  3:18  Sentry  
  40  3:35  Probe (Chrono Boost)  
  40  3:36  Robotics Facility  
  40  3:51  Probe (Chrono Boost)  
  41  4:00  Stalker  
  41  4:01  Stalker  
  41  4:02  Probe (Chrono Boost)  
  46  4:04  Twilight Council  
  46  4:13  Probe (Chrono Boost)  
  46  4:23  Probe (Chrono Boost)  
  42  4:26  Probe (Chrono Boost)  
  43  4:32  Stalker x2  
  43  4:34  Probe (Chrono Boost)  
  43  4:37  Probe (Chrono Boost)  
  49  4:41  Observer  
  49  4:45  Probe (Chrono Boost)  
  49  4:50  Probe (Chrono Boost)  
  50  4:55  Probe (Chrono Boost)  
  49  5:01  Probe (Chrono Boost)  
  49  5:04  Warp Prism  
  49  5:06  Probe (Chrono Boost)  
  51  5:08  Stalker  
  51  5:11  Probe (Chrono Boost)  
  51  5:13  Stalker  
  56  5:16  Probe (Chrono Boost)  
  57  5:22  Probe (Chrono Boost)  
  57  5:25  Pylon  
  57  5:27  Probe (Chrono Boost)  
  58  5:32  Adept  
  60  5:36  Adept  
  62  5:43  Probe x2 (Chrono Boost)  
  62  5:45  Blink  
  64  5:54  Probe x2 (Chrono Boost)  
  66  6:00  Immortal  
  64  6:19  Adept x2  
  64  6:27  Probe (Chrono Boost)  
  63  6:38  Probe (Chrono Boost)  
  63  6:39  Stalker x2  
  64  6:49  Probe x2 (Chrono Boost)  
  66  6:56  Immortal  
  70  7:02  Pylon  
  70  7:03  Pylon, Gateway  
  70  7:04  Assimilator, Gateway  
  70  7:14  Assimilator  
  70  7:20  Probe x2 (Chrono Boost)  
  70  7:23  Sentry x2  
  70  7:28  Gateway x2  
  72  7:31  Probe x2 (Chrono Boost)  
  78  7:41  Probe x2 (Chrono Boost)  
  80  7:47  Nexus, Pylon  
  80  7:49  Pylon  
Show
View Real Time Build Order
Export as new Build Order

Indy Protoss 

Build Orders: Oracle Opening 

Get SALT Encoding   

  12  0:00  Probe (Chrono Boost)  
  13  0:11  Probe (Chrono Boost)  
  14  0:18  Pylon  
  14  0:21  Probe (Chrono Boost)  
  15  0:36  Gateway, Probe (Chrono Boost)  
  16  0:45  Assimilator  
  16  0:47  Probe (Chrono Boost)  
  17  0:52  Assimilator  
  17  0:57  Probe (Chrono Boost)  
  18  1:08  Probe (Chrono Boost)  
  19  1:12  Gateway  
  20  1:18  Probe (Chrono Boost)  
  20  1:24  Cybernetics Core  
  20  1:29  Probe (Chrono Boost)  
  21  1:39  Probe (Chrono Boost)  
  22  1:40  Pylon  
  22  1:50  Probe (Chrono Boost)  
  23  1:54  Warp Gate  
  23  2:00  Stalker  
  23  2:01  Stalker  
  27  2:18  Pylon  
  27  2:30  Stalker  
  27  2:31  Stalker  
  31  2:38  Stargate  
  31  3:00  Stalker  
  31  3:01  Probe (Chrono Boost), Stalker  
  37  3:14  Pylon  
  37  3:17  Oracle  
  39  3:27  Pylon  
  39  3:50  Oracle  
  39  3:57  Nexus  
  43  4:02  Probe (Chrono Boost)  
  43  4:08  Stalker  
  45  4:15  Probe (Chrono Boost)  
  46  4:19  Stalker  
  46  4:26  Probe (Chrono Boost)  
  47  4:34  Sentry  
  47  4:37  Probe (Chrono Boost)  
  50  4:47  Probe (Chrono Boost)  
  47  4:58  Probe (Chrono Boost)  
  45  5:07  Robotics Facility  
  45  5:08  Probe (Chrono Boost)  
  45  5:10  Probe (Chrono Boost)  
  45  5:12  Adept x2  
  51  5:19  Probe (Chrono Boost)  
  51  5:20  Probe (Chrono Boost)  
  53  5:30  Probe (Chrono Boost)  
  53  5:31  Probe (Chrono Boost)  
  53  5:34  Twilight Council  
  55  5:36  Sentry  
  55  5:40  Probe (Chrono Boost)  
  55  5:41  Probe (Chrono Boost)  
  59  5:43  Pylon  
  59  5:48  Assimilator  
  59  5:49  Assimilator  
  59  5:52  Probe (Chrono Boost)  
  59  5:54  Observer  
  59  5:56  Probe (Chrono Boost)  
  62  6:02  Probe (Chrono Boost)  
  63  6:08  Probe (Chrono Boost)  
  63  6:10  Immortal  
  62  6:13  Probe (Chrono Boost)  
  54  6:19  Adept x2  
  54  6:20  Probe (Chrono Boost)  
  54  6:24  Probe (Chrono Boost)  
  58  6:32  Probe (Chrono Boost)  
  51  6:40  Stalker x2  
  51  6:41  Probe (Chrono Boost)  
  51  6:44  Probe (Chrono Boost)  
  48  6:52  Probe (Chrono Boost)  
  40  6:56  Phoenix  
  40  6:57  Probe (Chrono Boost)  
  41  7:02  Probe (Chrono Boost)  
  41  7:03  Adept  
  41  7:08  Probe (Chrono Boost)  
  43  7:13  Probe (Chrono Boost)  
  42  7:17  Adept  
  42  7:20  Probe (Chrono Boost)  
  43  7:23  Probe (Chrono Boost)  
  44  7:30  Probe (Chrono Boost)  
  44  7:34  Probe (Chrono Boost)  
  46  7:40  Sentry  
  46  7:41  Probe (Chrono Boost)  
  49  7:45  Probe (Chrono Boost)  
  50  7:51  Probe (Chrono Boost)  
  50  7:55  Probe (Chrono Boost)  
  52  8:03  Pylon  

Tags
 
Add a new tag
Caveats
  • Supply blocks, unpowered buildings, or Contaminate may cause inaccurate times.
  • Supply counts are checked every 10 seconds.